 Dungeon Crawl Stone Soup version 0.17.2-1-ge4368a0 (webtiles) character file.

14 ololoev the Skirmisher (level 2, 24/24 HPs)
             Began as a Demonspawn Fighter on Oct 26, 2016.
             Was a Believer of Lugonu.
             Quit the game on level 2 of the Dungeon.
             The game lasted 00:01:08 (179 turns).

ololoev the Skirmisher (Demonspawn Fighter)          Turns: 179, Time: 00:01:08

Health: 24/24      AC:  6    Str: 16    XL:     2   Next: 27%
Magic:  2/2        EV:  9    Int:  9    God:    Lugonu [**....]
Gold:   47         SH:  0    Dex: 12    Spells: 0 memorised, 1 level left

rFire  . . .     SeeInvis .     a - +0 war axe
rCold  . . .     Clarity  .     b - +0 scale mail
rNeg   . . .     SustAt   .     (no shield)
rPois  .         Gourm    .     (no helmet)
rElec  .         Spirit   .     (no cloak)
rCorr  .         Warding  .     (no gloves)
rMut   .         Stasis   .     (no boots)
MR     .....                    (no amulet)
Stlth  ..........               (no ring)
                                (no ring)

@: not resistant to hostile enchantments, extremely unstealthy
A: hooves 1
a: Depart the Abyss, Bend Space, Renounce Religion


Innate Abilities, Weirdness & Mutations

You have large cloven feet.

Inventory:

Hand Weapons
 a - a +0 war axe (weapon)
Armour
 b - a +0 scale mail (worn)
Wands
 f - a wand of hasting (3)
Scrolls
 g - a scroll of magic mapping {unknown}
Potions
 c - a potion of agility {unknown}
Comestibles
 d - 2 meat rations
 e - a bread ration


   Skills:
 + Level 3.2 Fighting
 * Level 2.2 Axes
 + Level 2.9 Armour
   Level 2.6 Shields


You had one spell level left.
You didn't know any spells.


You were on level 2 of the Dungeon.
You worshipped Lugonu.
Lugonu was pleased with you.
You were not hungry.

You visited 1 branch of the dungeon, and saw 2 of its levels.

You collected 47 gold pieces.

#..####
#.....#
##.##.# #.# #
##.# ###..##
#.....#.####
#..#........
#..#@#.#####.
#...#..# #...
..# #.## ###
#. #

Notes
Turn   | Place    | Note
--------------------------------------------------------------
     0 | D:1      | ololoev the Demonspawn Fighter began the quest for the Orb.
     0 | D:1      | Reached XP level 1. HP: 18/18 MP: 1/1
    18 | D:1      | You fall through a shaft!
    49 | D:2      | Gained mutation: You have large cloven feet. [demonic ancestry]
    49 | D:2      | Reached XP level 2. HP: 24/24 MP: 2/2
   171 | D:2      | Found a faded altar to an unknown god.
   179 | D:2      | Became a worshipper of Lugonu the Unformed
   179 | D:2      | Reached * piety under Lugonu
   179 | D:2      | Reached ** piety under Lugonu
   179 | D:2      | Quit the game

Dungeon Overview and Level Annotations

Branches:
Dungeon (2/15)

Altars:
Lugonu


Message History

You slash the quokka!
You kill the quokka!
You see here a quokka corpse.
You feel a little less mighty now.
Found 8 gold pieces.
Found a brass wand.
You now have 21 gold pieces (gained 8).
d - a meat ration A bat comes into view.
The bat hits you but does no damage. The bat hits you but does no damage.
The bat hits you but does no damage.
You see here a brass wand.
f - a wand of hasting The bat hits you but does no damage.
You barely miss the bat. You kick the bat, but do no damage.
The bat hits you but does no damage.
You miss the bat. You kick the bat, but do no damage.
The bat hits you but does no damage. The bat barely misses you.
The bat barely misses you. The bat hits you but does no damage.
You closely miss the bat. The bat closely misses you.
The bat closely misses you.
You slash the bat!
You kill the bat!
You aren't carrying any spellbooks or scrolls.
HP restored.
d - 2 meat rations (gained 1)
g - a scroll labeled LOOCLO HEPPU
Found 10 gold pieces.
You now have 37 gold pieces (gained 16).
You now have 47 gold pieces (gained 10).
Found a faded altar to an unknown god.
Drink which item? (? for menu, Esc to quit)
Okay, then.
There is a faded altar to an unknown god here.
This altar will convert you to a god.
You cannot discern which.
Do you pray? Lugonu accepts your prayer! Lugonu welcomes you!
You can now depart the Abyss.
You can now bend space around yourself.
Are you sure you want to abandon this character and quit the game? (Confirm with "yes".)

There were no monsters in sight!

Vanquished Creatures
  An adder (D:2)
  A bat (D:2)
  A goblin (D:2)
  A quokka (D:2)
4 creatures vanquished.

Action                   || total
-------------------------++-------
Melee: War axe           ||    12
  Use: Potion            ||     1

Vault maps used:
D:1:      erik_arrival_blinker_ship, serial_co_window_serial,
          co_window_of_opportunity_a, co_window_of_opportunity_a,
          co_window_paths_a, co_window_of_opportunity_a, co_window_paths_a,
          co_window_corner_ca, co_window_broadway_b, co_window_unsneaky_path_b,
          co_window_corner_b, co_window_of_opportunity_c,
          co_window_unsneaky_path_c, co_window_4corner_a, glass_columns_c,
          glass_columns_c, glass_columns_a, st_stairs_5,
          minmay_misc_feat_pillars
D:2:      ecumenical_altar_1
